 Dungeon Crawl Stone Soup version 0.26-a0-665-gefeb406119 (webtiles) character file.

Game seed: 13887378364881747163

146 mg7810 the Sneak (level 5, -2/39 HPs)
             Began as a Human Brigand on Oct 12, 2020.
             Slain by a gnoll
             ... wielding a +0 flail
              (5 damage)
             ... on level 3 of the Dungeon on Oct 13, 2020.
             The game lasted 00:12:50 (2828 turns).

mg7810 the Sneak (Human Brigand)                    Turns: 2828, Time: 00:12:51

Health: -2/39      AC:  4    Str: 11    XL:     5   Next: 53%
Magic:  5/5        EV: 11    Int: 11    God:
Gold:   168        SH:  0    Dex: 16    Spells: 4/4 levels left

rFire    + . .     SeeInvis .   a - +2 dagger
rCold    . . .     Faith    .   (no shield)
rNeg     . . .     Spirit   .   k - +0 leather armour
rPois    .         Reflect  .   (no helmet)
rElec    .         Harm     .   c - +0 cloak
rCorr    .         Rampage  .   (no gloves)
MR       .....                  (no boots)
Stlth    +++.......             (no amulet)
HPRegen  0.13/turn              b - ring of protection from fire
MPRegen  0.09/turn              (no ring)

@: no status effects
A: no striking features
a: no special abilities


You were on level 3 of the Dungeon.
You visited 1 branch of the dungeon, and saw 3 of its levels.

You collected 168 gold pieces.

Inventory:

Hand Weapons
 a - a +2 dagger (weapon)
Armour
 c - a +0 cloak (worn)
 k - a +0 leather armour (worn)
Jewellery
 b - a ring of protection from fire (left hand)
Wands
 p - a wand of polymorph (4)
Scrolls
 g - 2 scrolls of remove curse {unknown}
 i - 2 scrolls of enchant armour {unknown}
 m - a scroll of immolation {unknown}
 n - a scroll of magic mapping {unknown}
Potions
 f - 2 potions of stabbing
 h - a potion of ambrosia {unknown}
 j - a potion of cancellation {unknown}
 l - a potion of berserk rage {unknown}
 o - a potion of curing {unknown}


   Skills:
 + Level 2.5 Fighting
 + Level 2.8 Short Blades
 + Level 2.8 Throwing
 + Level 1.4 Armour
 + Level 1.3 Dodging
 + Level 5.1 Stealth


You had 4 spell levels left.
You didn't know any spells.
Your spell library was empty.

Dungeon Overview and Level Annotations

Branches:
Dungeon (3/15)

Altars:
Vehumet


Message History

The gnoll barely misses you. The gnoll hits you with a +0 halberd!
You hit the gnoll.
You kill the gnoll!
The gnoll hits you with a +0 flail.
You see here a curare-tipped dart.
You barely miss the gnoll. The gnoll barely misses you.
You hit the gnoll.
The gnoll is lightly wounded.
The gnoll hits you with a +0 flail.
* * * LOW HITPOINT WARNING * * *
You hit the gnoll.
The gnoll is moderately wounded.
You hit the gnoll.
The gnoll is severely wounded.
The gnoll hits you with a +0 flail.
* * * LOW HITPOINT WARNING * * *
You hit the gnoll.
The gnoll is almost dead.
The gnoll hits you with a +0 flail.
You die...

#############
#>..........##
#.######.##..#
#.######.###.########
#..g@................
####........#..######
####).......#..######
#...........#..#.....
#..............#...).
#....#######.#.#.....
#....# #.#.######
#..)(# #.#.. #..?..


You could see a gnoll.

Vanquished Creatures
  4 adders
  6 gnolls
  3 leopard geckos
  A giant cockroach (D:2)
  7 goblins
  7 hobgoblins
  4 jackals (D:3)
  2 quokkas (D:3)
  4 bats
  5 frilled lizards
  2 kobolds (D:1)
  8 rats
53 creatures vanquished.

Notes
Turn   | Place    | Note
-------+----------+-------------------------------------------
     0 | D:1      | mg7810 the Human Brigand began the quest for the Orb.
     0 | D:1      | Reached XP level 1. HP: 16/16 MP: 1/1
   125 | D:1      | Reached XP level 2. HP: 18/22 MP: 2/2
  1100 | D:2      | Reached XP level 3. HP: 18/27 MP: 3/3
  1412 | D:2      | Reached skill level 5 in Stealth
  1412 | D:2      | Reached XP level 4. HP: 18/33 MP: 4/4
  2041 | D:2      | Found a radiant altar of Vehumet.
  2441 | D:2      | Upgraded the game from 0.26-a0-663-g36e8fdb655 to
                  | 0.26-a0-665-gefeb406119
  2518 | D:3      | Reached skill level 1 in Armour
  2528 | D:3      | Reached XP level 5. HP: 36/39 MP: 5/5
  2828 | D:3      | Slain by a gnoll

Illustrated notes

Levels and vault maps discovered:
D:1:      tarquinn_simple_flora_water_c, layout_basic
D:2:      layout_loops_ring, vehumet_crystals
D:3:      layout_basic

Skill      XL: |  1  2  3  4 |
---------------+-------------+-----
Stealth        | 5 |  5.1
Armour         | 1 |  1.4
Fighting       | |  2.5
Short Blades   | |  2.8
Throwing       | |  2.8
Dodging        | |  1.3

Action                   |  1- 3 |  4- 6 || total
-------------------------+-------+-------++-------
Melee: Dagger            |    59 |   104 ||   163
Throw: Dart              |    22 |    27 ||    49
  Use: Scroll            |     1 |     1 ||     2
 Stab: Sleeping          |     2 |     2 ||     4
Armor: Robe              |     7 |       ||     7
       Leather armour    |     5 |    47 ||    52
Dodge: Dodged            |    25 |    86 ||   111

Table legend: (Time is in decaauts)
 A = Elapsed time spent in this place.
 B = Non-inter-level travel time spent in this place.
 C = Inter-level travel time spent in this place.
 D = Time resting spent in this place.
 E = Time spent auto-exploring this place.
 F = Levels seen in this place.
 G = Mean time per level.
                   A        B        C        D        E       F      G
               +--------+--------+--------+--------+--------+-----+--------+
         Total |   2802 |   2766 |     36 |      0 |   2221 |   3 |  934.0 |
       Dungeon |   2802 |   2766 |     36 |      0 |   2221 |   3 |  934.0 |
               +--------+--------+--------+--------+--------+-----+--------+

Top non-repeatable levels by time:
     D:2: 1517 daAuts
     D:1: 920 daAuts
     D:3: 364 daAuts
